 Dungeon Crawl Stone Soup version 0.18.1-50-g88ac8fd (webtiles) character file.

133340 Chiseanne the Cruncher (level 16, -33/134 HPs)
             Began as a Centaur Abyssal Knight on Oct 26, 2016.
             Was the Champion of Lugonu.
             Blown up by an orb spider (42 damage)
             ... with an orb of destruction
             ... on level 2 of the Spider Nest on Oct 27, 2016.
             The game lasted 03:10:30 (33269 turns).

Chiseanne the Cruncher (Centaur Abyssal Knight)    Turns: 33269, Time: 03:10:31

Health: -33/134    AC: 20    Str: 14    XL:     16   Next: 59%
Magic:  25/25      EV: 18    Int: 18    God:    Lugonu [******]
Gold:   1210       SH:  0    Dex: 30    Spells: 4 memorised, 15 levels left

rFire  + + .     SeeInvis +     a - +9 quarterstaff "Xatrotemn" {drain, *Drain rPois Int+7 Stlth-}
rCold  + + .     Gourm    .     v - +3 scale mail of the Equinox {+Inv rF+ rN+ Dex+5}
rNeg   + + +     Faith    .     (shield currently unavailable)
rPois  +         Spirit   .     I - -2 hat of the Alchemist {rElec rPois rF+ rC+ rN+ MR+ rMut rCorr}
rElec  +         Dismiss  .     p - +1 cloak
rCorr  +         Reflect  .     D - +1 pair of gloves of Relativism {rN+ Str-2 Dex+10}
rMut   +         Harm     .     q - +1 centaur barding {rC+}
SustAt .                        H - amulet of regeneration
MR     +++..                    t - ring of the Illusory Lies {MR+ EV+3}
Stlth  ..........               n - ring of see invisible

@: very quick, extremely resistant to hostile enchantments, extremely unstealthy
A: hooves 3, deformed body, speed 2, tough skin 3
a: Depart the Abyss, Bend Space, Banish, Corrupt, Enter the Abyss, Renounce
Religion, Evoke Invisibility


You were on level 2 of the Spider Nest.
You worshipped Lugonu.
Lugonu was exalted by your worship.
You were not hungry.

You visited 5 branches of the dungeon, and saw 28 of its levels.
You visited the Abyss 1 time.
You also visited: Labyrinth and Ice Cave.

You collected 3009 gold pieces.
You spent 1799 gold pieces at shops.

Inventory:

Hand Weapons
 a - the +9 quarterstaff "Xatrotemn" (weapon) {drain, *Drain rPois Int+7 Stlth-}
   (You found it on level 8 of the Dungeon)

   A truly terrible weapon, it drains the life of those it strikes.
   It affects your intelligence (+7).
   It protects you from poison.
   It causes draining when unequipped.
   It makes you less stealthy.
 g - a +3 lajatang of venom
 l - a +3 arbalest of flaming
 G - a +6 great sword of electrocution
Missiles
 e - 16 tomahawks (quivered)
 m - 14 bolts
Armour
 p - a +1 cloak (worn)
 q - a +1 centaur barding of cold resistance (worn)
 v - the +3 scale mail of the Equinox (worn) {+Inv rF+ rN+ Dex+5}
   (You bought it in a shop on level 2 of the Orcish Mines)

   It affects your dexterity (+5).
   It protects you from fire.
   It protects you from negative energy.
   It lets you turn invisible.
 D - the +1 pair of gloves of Relativism (worn) {rN+ Str-2 Dex+10}
   (You found it on level 3 of the Lair of Beasts)

   It affects your strength (-2).
   It affects your dexterity (+10).
   It protects you from negative energy.
 I - the -2 hat of the Alchemist (worn) {rElec rPois rF+ rC+ rN+ MR+ rMut rCorr}
   (You found it on level 15 of the Dungeon)

   It protects you from fire.
   It protects you from cold.
   It insulates you from electricity.
   It protects you from poison.
   It protects you from negative energy.
   It affects your resistance to hostile enchantments.
   It protects you from acid and corrosion.
   It protects you from mutation.
Jewellery
 n - a ring of see invisible (left hand)
 t - the ring of the Illusory Lies (right hand) {MR+ EV+3}
   (You bought it in a shop on level 2 of the Orcish Mines)

   [ring of evasion]

   It affects your evasion (+3).
   It affects your resistance to hostile enchantments.
 C - an uncursed ring of protection from fire
 H - an amulet of regeneration (around neck)
 X - an uncursed ring of flight
Wands
 y - a wand of paralysis (5/24)
 z - a wand of paralysis (6/24)
 A - a wand of acid (2/15)
 J - a wand of disintegration (2/24)
 N - a wand of confusion (19/48)
 Q - a wand of confusion (24/48)
 R - a wand of digging (17/24)
Scrolls
 h - 5 scrolls of fear
 i - a scroll of amnesia
 j - 8 scrolls of remove curse
 k - 4 scrolls of teleportation
 o - 11 scrolls of identify
 u - a scroll of summoning
 w - 2 scrolls of immolation
 M - 2 scrolls of recharging
 P - a scroll of silence
 S - 2 scrolls of fog
 T - 4 scrolls of magic mapping
Potions
 d - a potion of haste
 s - 4 potions of might
 x - 2 potions of cancellation
 B - 3 potions of heal wounds
 E - 9 potions of curing
 F - 3 potions of flight
 K - a potion of resistance
 L - a potion of magic
 O - 5 potions of invisibility
Books
 W - a book of Party Tricks

   Spells                             Type                      Level
   a - Summon Butterflies             Summoning                    1
   b - Apportation                    Translocation                1
   c - Tukima's Dance                 Hexes                        3
   d - Alistair's Intoxication        Transmutation/Poison         5
   e - Invisibility                   Hexes                        6
Miscellaneous
 U - a sack of spiders
 V - a phial of floods
Comestibles
 b - 10 slices of pizza
 c - 16 bread rations
 f - 13 meat rations
 r - 16 fruits


   Skills:
 - Level 10.1 Fighting
   Level 1.7 Axes
 - Level 14.0 Staves
 * Level 8.7 Armour
 - Level 10.5 Dodging
 * Level 6.3 Spellcasting
 * Level 5.5 Translocations
 - Level 12.1 Invocations
 - Level 9.0 Evocations


You had 15 spell levels left.
You knew the following spells:

 Your Spells              Type           Power        Failure   Level  Hunger
a - Apportation           Tloc           ####......   4%          1    None
b - Shroud of Golubria    Chrm/Tloc      ###.......   21%         2    None
c - Deflect Missiles      Chrm/Air       #.........   100%        6    #######
d - Inner Flame           Hex/Fire       #.......     93%         3    ##.....


Dungeon Overview and Level Annotations

Branches:
Dungeon (15/15)            Temple (0/1) D:6            Lair (8/8) D:11
  Swamp (1/4) Lair:4       Spider (2/4) Lair:5        Slime (0/6) Lair:6
    Orc (2/2) D:10            Elf (0/3) Orc:2        Vaults (0/5) D:13
 Depths (0/5) D:15

Altars:
Okawaru
Pakellas
Beogh

Shops:
D:5 ?!}   D:9 %   D:11 *   Orc:1 !([?   Orc:2 [*((=

Annotations:
Lair:4 Thornehunter in swamp!
Spider:1 corrupted
Orc:2 corrupted
Abyss:1 Aizul, Azrael, Dowan, Nergalle


Innate Abilities, Weirdness & Mutations

You have hooves in place of feet.
Armour fits poorly on your strangely shaped body.
You cover ground very quickly.
You have extremely tough skin (AC +3).


Message History

You sock the tarantella! You drain the tarantella!
You kill the tarantella!
Lugonu accepts your kill.
The orb spider weaves a glowing orb of energy.
An orb of destruction comes into view.
The orb of destruction hits you!
The jumping spider leaps!
You found a web!
The orb spider pulsates with a strange energy.
The orb spider weaves a glowing orb of energy.
An orb of destruction comes into view.
The orb spider weaves a glowing orb of energy.
The orb spider spins a strand of pure energy.
The jumping spider leaps!
An orb of destruction comes into view.
The orb of destruction hits you!
* * * LOW HITPOINT WARNING * * *
The jumping spider misses you. The jumping spider barely misses you.
Drink which item? (? for menu, Esc to quit)
You feel better. The orb of destruction hits you!
You die...

##...§##......#...###
##...................#
#...†§...............#
##........###.....^###
#....s...# #...###.††
##.††.s.## ####.#....
##..§§.# #....#...
###...§§.## ##....#...
..#....@§...###^....###.
.......s......#....## ##
.........##.<...#....# #
.........#.......#.#### ##
....#...##.......##...###.
...##...#........#......#.
... #...#......#..#.....#.
#...#...#.##..#......#
#####(..####..###...##


You could see 2 orb spiders and a jumping spider.

Vanquished Creatures
  Agnes (Spider:1)
  Maud (Lair:6)
  An emperor scorpion (Spider:2)
  4 vault guards
  Josephine (D:10)
  A minotaur (Lab)
  2 hydras
  An entropy weaver (Spider:2)
  An ice dragon (Lair:7)
  5 centaur warriors
  A catoblepas (Lair:5)
  21 death yaks
  A deep troll shaman (Lair:8)
  2 tengu warriors
  3 orc high priests (Orc:2)
  2 skeletal warriors (D:15)
  3 unseen horrors
  3 hill giants
  An orc knight (Orc:2)
  2 necromancers
  2 orb spiders
  14 wolf spiders
  A hornet (Spider:1)
  2 griffons
  4 orc sorcerers (Orc:2)
  15 ugly things
  A shining eye (shapeshifter) (D:15)
  A shadow dragon skeleton (D:15)
  2 cyclopes
  8 elephants
  A moth of wrath (Spider:2)
  A centaur zombie (D:15)
  6 black mambas
  An ice statue (IceCv)
  2 centaur skeletons
  A gargoyle (D:14)
  A yaktaur zombie (D:15)
  10 spiny frogs
  3 kobold demonologists
  3 rime drakes
  9 komodo dragons
  6 demonic crawlers
  An efreet (D:14)
  A yaktaur skeleton (D:15)
  4 freezing wraiths (IceCv)
  4 polar bears
  3 tengu conjurers
  9 trolls
  12 jumping spiders
  A polar bear (shapeshifter) (D:15)
  A two-headed ogre (Orc:2)
  The ghost of Cokeysmoke the Covered, an amateur HuFi (D:10)
  16 blink frogs
  A slime creature (D:13)
  2 boulder beetles
  A bog body (Swamp:1)
  35 redbacks
  A shadow (D:13)
  5 spriggans (D:6)
  2 wyverns
  4 wraiths
  59 yaks
  18 tarantellas
  A hog (D:7)
  A human (D:7)
  2 vampires
  A fire elemental (D:15)
  2 steam dragons
  11 hippogriffs
  11 basilisks
  2 hungry ghosts
  2 vampire mosquitoes (D:15)
  3 wargs
  6 hell hounds
  Duvessa (D:6)
  18 water moccasins
  2 black bears
  9 porcupines
  A swamp drake (Swamp:1)
  21 orc warriors
  10 ice beasts
  4 phantoms
  8 sky beasts
  4 wasps
  19 wolves
  2 eyes of draining
  23 centaurs
  9 ogres
  16 crocodiles
  The ghost of Mesmaeker13 the Digger, an amateur GrEE (D:3)
  2 big kobolds
  27 giant frogs
  A gnoll sergeant (D:9)
  An earth elemental (Lab)
  5 scorpions
  6 killer bees
  A vampire bat (Lair:1)
  3 wights (D:12)
  3 electric eels
  5 howler monkeys
  7 crimson imps
  3 jellies
  A quasit (D:6)
  A giant frog zombie (D:11)
  5 hounds
  11 orc priests
  24 orc wizards
  A giant frog skeleton (D:6)
  9 iguanas
  13 hell rats
  2 troll simulacra (IceCv)
  8 worker ants
  16 sheep
  3 centaur simulacra (IceCv)
  A hound skeleton (D:6)
  A worker ant zombie (D:8)
  13 adders
  12 gnolls
  A howler monkey skeleton (D:8)
  4 naga simulacra (IceCv)
  An ogre simulacrum (IceCv)
  75 river rats
  A shadow imp (D:6)
  7 white imps (IceCv)
  3 oozes
  3 adder zombies
  2 adder skeletons (D:4)
  2 worms
  3 dart slugs
  6 giant geckos
  70 orcs
  2 ball pythons
  21 bats
  9 giant cockroaches
  4 hobgoblins
  13 jackals
  7 quokkas
  2 giant newts
  4 goblins
  A jackal skeleton (D:7)
  19 kobolds
  2 quokka zombies
  24 rats
  3 fungi
  2 plants
  8 withered plants (D:15)
1006 creatures vanquished.

Vanquished Creatures (collateral kills)
  2 yaks (D:11)
  A white imp (IceCv)
3 creatures vanquished.

Vanquished Creatures (others)
  Rupert (Spider:1)
  2 orc warlords (Orc:2)
  7 hydras
  A catoblepas (Lair:8)
  An orc high priest (Orc:2)
  A skeletal warrior (D:12)
  A lindwurm (Lair:8)
  2 orc sorcerers (Orc:2)
  A phantasmal warrior (D:15)
  A wolf spider (Spider:1)
  4 ugly things
  A stone giant zombie (D:15)
  A moth of wrath (Spider:1)
  2 black mambas
  A spiny frog (Lair:7)
  7 freezing wraiths
  3 demonic crawlers (Spider:1)
  A giant leech (Swamp:1)
  A wolf spider simulacrum (IceCv)
  A polar bear (Lair:7)
  A boulder beetle (Lair:8)
  A spriggan (D:6)
  A shadow (D:15)
  2 vampires (D:13)
  2 tarantellas (Spider:1)
  A hog (D:7)
  A warg (Orc:2)
  11 orc warriors
  An ice beast (IceCv)
  2 alligator simulacra (IceCv)
  An ogre (Orc:2)
  A crocodile (Lair:2)
  An elephant simulacrum (IceCv)
  An electric eel (Lair:3)
  4 draconian simulacra (IceCv)
  An orc priest (Orc:2)
  5 orc wizards (Orc:2)
  2 troll simulacra (IceCv)
  A centaur simulacrum (IceCv)
  2 ogre simulacra (IceCv)
  A naga simulacrum (IceCv)
  A river rat (D:11)
  4 white imps (IceCv)
  13 orcs
  43 fungi
  19 plants
  24 starspawn tentacles
  324 starspawn tentacle segments
  3 withered plants (D:15)
514 creatures vanquished.

Grand Total: 1523 creatures vanquished

Notes
Turn   | Place    | Note
--------------------------------------------------------------
     0 | Abyss:1  | Chiseanne the Centaur Abyssal Knight began the quest for the Orb.
     0 | Abyss:1  | Reached XP level 1. HP: 19/19 MP: 2/2
    33 | Abyss:1  | Noticed a small abomination
    35 | D:1      | Escaped the Abyss
   336 | D:1      | Reached * piety under Lugonu
   336 | D:1      | Reached skill level 1 in Dodging
   355 | D:1      | Reached XP level 2. HP: 23/26 MP: 3/3
   734 | D:2      | Reached XP level 3. HP: 10/31 MP: 3/5
  1374 | D:2      | Reached ** piety under Lugonu
  1810 | D:2      | Reached XP level 4. HP: 25/39 MP: 6/6
  2677 | D:3      | Reached XP level 5. HP: 46/46 MP: 7/7
  3030 | D:3      | Noticed Mesmaeker13's ghost (amateur GrEE)
  3035 | D:3      | Reached *** piety under Lugonu
  3343 | D:3      | Found an iron altar of Okawaru.
  3343 | D:3      | Found an oddly glowing altar of Pakellas.
  3467 | D:4      | Noticed an ogre
  3496 | D:4      | Killed an ogre
  3496 | D:4      | Reached XP level 6. HP: 24/53 MP: 7/9
  4504 | D:4      | Reached XP level 7. HP: 42/60 MP: 10/10
  4739 | D:4      | Reached **** piety under Lugonu
  5029 | D:5      | Entered Level 5 of the Dungeon
  5029 | D:5      | Found Tualaaha's Distillery.
  5043 | D:5      | Bought a potion of curing for 42 gold pieces
  5043 | D:5      | Bought a potion of flight for 42 gold pieces
  5043 | D:5      | Bought a potion of berserk rage for 70 gold pieces
  5043 | D:5      | Bought a potion of lignification for 42 gold pieces
  5079 | D:5      | Reached skill level 5 in Fighting
  5174 | D:5      | Reached skill level 5 in Invocations
  5699 | D:5      | Found Foun's Gadget Shop.
  5852 | D:5      | Found Atzep's Magic Scroll Shoppe.
  5855 | D:5      | Bought a scroll of teleportation for 36 gold pieces
  5855 | D:5      | Bought a scroll of identify for 24 gold pieces
  5855 | D:5      | Bought a scroll of noise for 12 gold pieces
  6005 | D:6      | Noticed a spriggan
  6008 | D:6      | Noticed a spriggan
  6026 | D:6      | Killed a spriggan
  6026 | D:6      | Reached XP level 8. HP: 70/70 MP: 12/12
  6389 | D:6      | Found a staircase to the Ecumenical Temple.
  6585 | D:6      | Paralysed by a wasp for 3 turns
  6927 | D:6      | Reached XP level 9. HP: 57/78 MP: 14/14
  7002 | D:6      | Reached ***** piety under Lugonu
  7201 | D:6      | Noticed Dowan
  7203 | D:6      | Noticed Duvessa
  7225 | D:6      | Killed Duvessa
  7230 | D:6      | Banished Dowan
  7681 | D:7      | Reached skill level 5 in Dodging
  7997 | D:7      | Reached skill level 5 in Armour
  8897 | D:7      | Reached XP level 10. HP: 58/88 MP: 16/16
  9346 | D:8      | Got a steaming quarterstaff
  9347 | D:8      | Identified the +9 quarterstaff "Xatrotemn" {drain, *Drain rPois Int+7 Stlth-} (You found it on level 8 of the Dungeon)
  9699 | D:8      | Reached skill level 1 in Staves
  9964 | D:9      | Found Tail's Food Boutique.
 10023 | D:9      | Reached skill level 1 in Evocations
 10392 | D:10     | Entered Level 10 of the Dungeon
 10419 | D:10     | Reached skill level 2 in Staves
 10428 | D:10     | Noticed Cokeysmoke's ghost (amateur HuFi)
 10442 | D:10     | Killed Cokeysmoke's ghost
 10442 | D:10     | Reached skill level 3 in Staves
 10557 | D:10     | Noticed a hill giant
 10579 | D:10     | Killed a hill giant
 10897 | D:10     | Reached skill level 4 in Staves
 10935 | D:10     | Noticed a hill giant
 10940 | D:10     | Killed a hill giant
 11066 | D:10     | Found a staircase to the Orcish Mines.
 11125 | D:10     | Noticed Josephine
 11136 | D:10     | Killed Josephine
 11136 | D:10     | Reached XP level 11. HP: 26/94 MP: 17/17
 11522 | D:11     | Reached skill level 5 in Staves
 11591 | D:11     | Reached skill level 5 in Evocations
 11599 | D:11     | Noticed Nergalle
 11610 | D:11     | Banished Nergalle
 11993 | D:11     | Reached skill level 6 in Staves
 12149 | D:11     | Found a staircase to the Lair.
 12462 | D:11     | Found Cushreff's Demolitions Depot.
 12892 | D:12     | Noticed a rakshasa
 12915 | D:11     | HP: 3/94 [rakshasa/long sword of slicing (3)]
 13054 | D:11     | Reached XP level 12. HP: 54/101 MP: 18/18
 13299 | D:12     | Reached skill level 7 in Staves
 13892 | D:13     | Noticed a centaur warrior
 13899 | D:13     | Killed a centaur warrior
 14075 | D:13     | HP: 5/101 [vampire/vampiric draining (12)]
 14283 | D:13     | Reached ****** piety under Lugonu
 14318 | D:13     | Found a gate to the Vaults.
 14318 | D:13     | Noticed a vault guard
 14318 | D:13     | Noticed a vault guard
 14318 | D:13     | Noticed a vault guard
 14320 | D:13     | Noticed a centaur warrior
 14347 | D:13     | Killed a centaur warrior
 14367 | D:12     | Killed a vault guard
 14487 | D:12     | Killed a vault guard
 14487 | D:12     | Reached skill level 8 in Staves
 14553 | D:13     | Noticed a vault guard
 14804 | D:13     | Killed a vault guard
 14991 | D:13     | Noticed a six-headed hydra
 15000 | D:13     | Banished a six-headed hydra
 15523 | D:14     | Noticed a centaur warrior
 15538 | D:14     | Killed a centaur warrior
 15554 | D:14     | Noticed a tengu warrior
 15573 | D:14     | Killed a tengu warrior
 15573 | D:14     | Reached XP level 13. HP: 70/107 MP: 19/19
 15710 | D:14     | Reached skill level 9 in Staves
 15758 | D:14     | Killed a vault guard
 16456 | D:15     | Entered Level 15 of the Dungeon
 16462 | D:15     | Found a labyrinth entrance.
 16474 | Lab      | Entered a labyrinth
 16787 | Lab      | Noticed a minotaur
 16797 | Lab      | Killed a minotaur
 16831 | Lab      | Identified the Papyrus of Displacement
 16835 | Lab      | Learned a level 1 spell: Apportation
 16838 | Lab      | Learned a level 2 spell: Shroud of Golubria
 16874 | D:15     | Reached skill level 10 in Dodging
 17223 | D:15     | Noticed Azrael
 17249 | D:15     | Banished Azrael
 17597 | D:15     | Found a staircase to the Depths.
 17837 | D:15     | Reached skill level 10 in Staves
 17928 | D:15     | Reached skill level 10 in Invocations
 18100 | D:15     | Reached XP level 14. HP: 73/119 MP: 21/21
 18368 | D:15     | Reached skill level 10 in Fighting
 18860 | Lair:1   | Entered Level 1 of the Lair of Beasts
 19036 | Lair:1   | Got a faintly humming buckler
 19098 | Lair:1   | Identified the +3 buckler "Oximel" {rPois rC+ Dex-2} (You found it on level 1 of the Lair of Beasts)
 19178 | Lair:1   | Identified the Tome of Spatial Weightlessness
 19654 | Lair:2   | Reached skill level 1 in Spellcasting
 20949 | Lair:3   | Got a pair of pitted gloves
 21000 | Lair:3   | Identified the +1 pair of gloves of Relativism {rN+ Str-2 Dex+10} (You found it on level 3 of the Lair of Beasts)
 21468 | Lair:4   | Got a faintly glowing rapier
 21736 | Lair:4   | Found a staircase to the Swamp.
 22014 | Lair:4   | Identified the cursed +0 rapier "Xelalar" {pierce, rPois rF+} (You found it on level 4 of the Lair of Beasts)
 22094 | Lair:5   | Reached skill level 11 in Staves
 22778 | Lair:5   | Found a hole to the Spider Nest.
 23243 | Lair:6   | Noticed Maud
 23286 | Lair:6   | Killed Maud
 23300 | Lair:6   | Reached XP level 15. HP: 84/126 MP: 18/23
 23814 | Lair:6   | Found a staircase to the Slime Pits.
 24011 | Lair:7   | Found a frozen archway.
 24088 | IceCv    | Entered an ice cave
 24300 | IceCv    | Corrupted IceCv
 24300 | IceCv    | Noticed a lich
 24301 | IceCv    | Noticed a bone dragon
 24357 | IceCv    | Found an ancient bone altar of Kikubaaqudgha.
 24432 | IceCv    | Noticed a bone dragon
 24637 | IceCv    | Identified the Incunabulum of the Glacier
 24820 | Lair:7   | Reached skill level 1 in Translocations
 25273 | Lair:7   | Learned a level 6 spell: Deflect Missiles
 25707 | Lair:8   | Entered Level 8 of the Lair of Beasts
 25959 | Lair:8   | Identified a glowing lajatang (a lajatang corrupted by Lugonu)
 25959 | Lair:8   | Received a gift from Lugonu
 26008 | Lair:8   | Reached skill level 5 in Spellcasting
 26225 | Lair:8   | Reached skill level 12 in Staves
 27299 | D:3      | Killed Mesmaeker13's ghost
 27628 | D:15     | Learned a level 3 spell: Inner Flame
 27825 | Orc:1    | Entered Level 1 of the Orcish Mines
 27847 | Orc:1    | Found an iron altar of Okawaru.
 27931 | Orc:1    | Found a roughly hewn altar of Beogh.
 27943 | Orc:1    | Found Zuityseqo's Armour Boutique.
 27948 | Orc:1    | Found Codyadgh's Antique Weapon Shop.
 27956 | Orc:1    | Found Puuhuacs's Distillery.
 28003 | Orc:1    | Bought a potion of curing for 48 gold pieces
 28003 | Orc:1    | Bought 2 potions of heal wounds for 160 gold pieces
 28358 | Orc:2    | Entered Level 2 of the Orcish Mines
 28358 | Orc:2    | Found Kyno's Weapon Emporium.
 28358 | Orc:2    | Found a staircase to the Elven Halls.
 28610 | Orc:2    | Noticed an orc warlord
 28614 | Orc:2    | Banished an orc warlord
 28837 | Orc:2    | Found Izxiraubb's General Store.
 28933 | Orc:2    | Noticed an orc warlord
 28935 | Orc:2    | Corrupted Orc:2
 28935 | Orc:2    | Noticed a tentacled starspawn
 28939 | Orc:2    | Noticed a tentacled starspawn
 28953 | Orc:2    | Killed an orc warlord
 29117 | Orc:2    | Found Gioshe's Antique Weapon Boutique.
 29135 | Orc:2    | Found Buler's Jewellery Boutique.
 29172 | Orc:2    | Bought a cursed -3 ring of strength for 32 gold pieces
 29176 | Orc:2    | Bought the ring of the Illusory Lies {MR+ EV+3} for 537 gold pieces
 29417 | Orc:2    | Found Xedut's Antique Armour Shoppe.
 29425 | Orc:2    | Bought a faintly glowing scale mail for 243 gold pieces
 29425 | Orc:2    | Bought a blackened scale mail for 243 gold pieces
 29426 | Orc:2    | Identified the +0 scale mail of the Eternal Void {MR+ Str+3} (You bought it in a shop on level 2 of the Orcish Mines)
 29427 | Orc:2    | Identified the +3 scale mail of the Equinox {+Inv rF+ rN+ Dex+5} (You bought it in a shop on level 2 of the Orcish Mines)
 29565 | Orc:2    | Reached XP level 16. HP: 134/134 MP: 25/25
 29769 | Orc:1    | Found Biulimm's Magic Scroll Boutique.
 29791 | Orc:1    | Bought a scroll of summoning for 104 gold pieces
 29791 | Orc:1    | Bought a scroll of identify for 22 gold pieces
 29791 | Orc:1    | Bought a scroll of identify for 22 gold pieces
 29791 | Orc:1    | Bought a scroll of immolation for 38 gold pieces
 29791 | Orc:1    | Bought a scroll of immolation for 38 gold pieces
 29791 | Orc:1    | Bought a scroll of identify for 22 gold pieces
 29791 | Orc:1    | Bought a scroll of identify for 22 gold pieces
 30075 | Swamp:1  | Entered Level 1 of the Swamp
 30114 | Swamp:1  | Noticed a thorn hunter
 30509 | Lair:5   | You fall through a shaft for 3 floors!
 30741 | Spider:1 | Entered Level 1 of the Spider Nest
 30741 | Spider:1 | Noticed Rupert
 30743 | Spider:1 | Corrupted Spider:1
 30743 | Spider:1 | Noticed a tentacled starspawn
 30743 | Spider:1 | Noticed a tentacled starspawn
 30745 | Spider:1 | Noticed a tentacled starspawn
 30755 | Spider:1 | Killed Rupert
 30913 | Spider:1 | Noticed Agnes
 30935 | Spider:1 | Killed Agnes
 31302 | Spider:1 | Noticed Aizul
 31303 | Spider:1 | Banished Aizul
 31303 | Spider:1 | Reached skill level 13 in Staves
 32704 | Spider:2 | Reached skill level 14 in Staves
 32730 | Spider:2 | Reached skill level 5 in Translocations
 33268 | Spider:2 | HP: 2/134 [disintegration (46)]
 33269 | Spider:2 | Blown up by an orb spider

Skill      XL: |  1  2  3  4  5  6  7  8  9 10 11 12 13 14 15 16 |
---------------+-------------------------------------------------+-----
Dodging        | 1 2 3 4 5 6 8 9 10 | 10.5
Invocations    | 3 4 5 7 8 10 11 12 | 12.1
Fighting       | 4 5 6 8 9 10 | 10.1
Armour         | 2 3 4 5 7 8 |  8.7
Staves         | 4 6 8 10 11 12 14 | 14.0
Evocations     | 4 6 9 |  9.0
Spellcasting   | 3 5 6 |  6.3
Translocations | 4 5 |  5.5
Axes           | |  1.7

Action                   |  1- 3 |  4- 6 |  7- 9 | 10-12 | 13-15 | 16-18 || total
-------------------------+-------+-------+-------+-------+-------+-------++-------
Melee: Hand axe          |   146 |   152 |    46 |       |       |       ||   344
       Kick              |    27 |    42 |   171 |   252 |   966 |   289 ||  1747
       Short sword       |       |    74 |   593 |    54 |       |       ||   721
       Quarterstaff      |       |       |       |   787 |  2259 |   536 ||  3582
 Fire: Blowgun           |       |     3 |       |       |       |       ||     3
Throw: Stone             |       |     4 |       |       |       |       ||     4
       Tomahawk          |       |       |     3 |     3 |       |       ||     6
       Javelin           |       |       |       |     7 |       |       ||     7
       Throwing net      |       |       |       |       |     3 |       ||     3
 Cast: Shroud of Golubri |       |       |       |       |    18 |     8 ||    26
Invok: Depart the Abyss  |     1 |       |       |       |       |       ||     1
       Banish            |       |       |     5 |    14 |    58 |     5 ||    82
       Corrupt           |       |       |       |       |     2 |     1 ||     3
       Brand Weapon With |       |       |       |       |     1 |       ||     1
Evoke: Wand              |       |       |       |    56 |    33 |     1 ||    90
       Phial of floods   |       |       |       |       |     1 |       ||     1
  Use: Scroll            |     5 |     3 |    11 |    14 |    27 |     1 ||    61
       Potion            |       |     1 |     3 |     6 |     3 |     4 ||    17
 Stab: Paralysed         |       |       |       |     6 |     5 |       ||    11
       Confused          |       |       |       |     1 |       |       ||     1
       Held in net/web   |       |       |       |       |     2 |       ||     2
       Distracted        |       |       |       |       |     2 |       ||     2
  Eat: Chunk             |     2 |     8 |    14 |    19 |    47 |    10 ||   100
       Pizza             |       |       |     1 |       |     1 |       ||     2
       Fruit             |       |       |       |     4 |     6 |     3 ||    13
       Royal jelly       |       |       |       |     1 |     1 |       ||     2
       Beef jerky        |       |       |       |       |     3 |       ||     3
Armor: Leather armour    |    69 |    38 |       |       |   116 |       ||   223
       Ring mail         |       |    41 |   248 |    96 |       |       ||   385
       Scale mail        |       |    41 |    28 |       |     1 |   275 ||   345
       Troll leather arm |       |       |       |   238 |   498 |       ||   736
Dodge: Dodged            |    94 |   108 |   279 |   490 |  1455 |   499 ||  2925
